Map: Ruins of Seras

Players

Lambo

  • Race: Zerg Zerg
  • League: Grandmaster

DeMusliM - Winner!

  • Race: Terran Terran
  • League: Grandmaster

Event: Homestory Cup XII

VOD

Have the link to the VOD?

Description

Time

  • Played on: Dec. 17, 2015, 3:55 p.m.
  • Length: 23:43

All games in this series

Show
View Real Time Build Order
Export as new Build Order

Lambo Zerg 

Build Orders: Hatch First 

Get SALT Encoding   

  12  0:01  Drone  
  13  0:12  Overlord  
  13  0:17  Drone  
  14  0:30  Drone x2  
  14  0:35  Drone  
  17  0:53  Hatchery  
  17  0:56  Drone  
  17  1:09  Spawning Pool  
  16  1:13  Drone  
  16  1:16  Drone  
  18  1:38  Hatchery  
  17  1:40  Drone  
  17  1:42  Drone  
  17  1:46  Drone  
  20  1:53  Extractor  
  19  1:57  Queen  
  21  2:06  Queen  
  23  2:10  Zergling x2  
  23  2:12  Drone  
  23  2:15  Drone  
  26  2:21  Overlord  
  26  2:24  Drone  
  27  2:31  Drone  
  28  2:40  Drone  
  28  2:42  Queen  
  28  2:43  Drone  
  32  2:50  Queen  
  34  2:54  Drone  
  35  2:58  Metabolic Boost  
  35  3:02  Drone  
  35  3:05  Overlord  
  36  3:08  Drone  
  37  3:13  Drone x2  
  37  3:14  Drone  
  37  3:18  Drone x2  
  42  3:23  Spore Crawler  
  42  3:25  Overlord  
  42  3:26  Drone  
  42  3:30  Drone x2  
  45  3:36  Queen  
  45  3:38  Drone  
  48  3:42  Drone x2  
  48  3:48  Extractor  
  49  3:49  Roach Warren, Drone  
  49  3:50  Drone  
  49  3:51  Drone  
  49  3:53  Drone  
  52  3:56  Drone x2  
  54  4:04  Zergling x6  
  54  4:05  Zergling x2  
  58  4:10  Overlord  
  58  4:12  Lair  
  58  4:17  Overlord  
  58  4:18  Overlord  
  58  4:27  Spore Crawler  
  58  4:29  Drone x5  
  58  4:30  Drone x2  
  64  4:33  Drone x2  
  64  4:36  Zergling x4  
  68  4:39  Drone x2  
  68  4:40  Drone  
  71  4:53  Drone x8  
  71  4:57  Extractor  
  71  4:58  Extractor  
  71  4:59  Evolution Chamber  
  76  5:00  Evolution Chamber  
  76  5:01  Extractor  
  76  5:02  Extractor  
  76  5:03  Drone x2  
  76  5:04  Drone x3  
  78  5:09  Drone x3  
  81  5:27  Glial Reconstitution  
  81  5:29  Zerg Missile Weapons Level 1, Zerg Ground Armor Level 1  
  81  5:31  Overlord x2  
  81  5:38  Overlord x2  
  81  5:43  Hatchery, Overlord  
  81  5:44  Overlord  
  81  5:49  Drone  
  82  5:50  Drone  
  82  5:51  Drone  
  82  5:53  Roach x3  
  82  5:54  Overlord  
  82  5:57  Pneumatized Carapace  
  89  5:58  Roach x3  
  89  6:04  Roach x3  
  101  6:15  Roach x6  
  113  6:21  Roach x3  
  113  6:25  Roach  
  121  6:29  Overlord x2  
  121  6:33  Overlord x3  
  121  6:34  Overlord  
  121  6:36  Overseer  
  121  6:46  Roach  
  122  6:50  Roach  
  122  6:51  Roach x4  
  132  6:57  Roach x2  
  132  7:01  Roach x3  
  142  7:03  Ravager x4  
  142  7:04  Ravager x5  
  142  7:06  Roach x2  
  142  7:08  Queen  
  155  7:10  Roach  
  155  7:11  Roach x2  
  155  7:15  Roach x3  
  169  7:19  Roach x2  
  173  7:23  Overlord, Roach  
  173  7:27  Overlord  
  175  7:30  Overlord  
  175  7:33  Overlord  
  175  7:34  Overlord  
  175  7:41  Roach  
  175  7:42  Roach x5  
  168  7:52  Roach x4  
  168  7:53  Roach x3  
  161  8:00  Roach x4  
  167  8:06  Ravager  
  167  8:07  Ravager x3  
  167  8:08  Roach x2  
  175  8:14  Roach x4  
  181  8:26  Roach x8  
  179  8:31  Roach x2  
  167  8:35  Roach  
  167  8:36  Roach x3  
  167  8:40  Roach x2  
  179  8:42  Roach  
  179  8:45  Roach  
  179  8:46  Roach  
  185  8:52  Roach x3  
  185  8:53  Roach  
  193  8:56  Roach  
  178  9:13  Roach x2  
  147  9:17  Roach x4  
  147  9:18  Roach x4  
  147  9:24  Zerg Missile Weapons Level 2, Infestation Pit  
  151  9:26  Drone x7  
  151  9:29  Extractor  
  151  9:30  Extractor  
  155  9:32  Drone x5  
  155  9:33  Drone  
  151  9:55  Zerg Ground Armor Level 2  
  151  9:58  Evolution Chamber, Roach x5  
  151  9:59  Roach x5  
  170  10:01  Hive  
  170  10:11  Overlord  
  170  10:12  Overlord x2  
  170  10:14  Roach x4  
  176  10:19  Ravager  
  176  10:20  Ravager x3  
  182  10:27  Zerg Melee Weapons Level 1  
  182  10:29  Zergling x2  
  182  10:30  Zergling x2  
  182  10:31  Overlord  
  182  10:35  Spine Crawler  
  183  10:36  Spine Crawler  
  183  10:39  Ravager x3  
  185  10:47  Spine Crawler x2  
  180  10:52  Pathogen Glands  
  176  11:09  Roach x3, Zergling x16  
  176  11:10  Roach x2  
  192  11:12  Roach, Zergling x10  
  199  11:20  Ultralisk Cavern  
  189  11:27  Ravager  
  189  11:28  Ravager x3, Zergling x18  
  200  11:36  Zergling x16  
  190  11:40  Zergling x10  
  190  11:41  Roach  
  190  11:42  Ravager x6  
  196  11:50  Roach x2  
  177  11:57  Zergling x16  
  177  11:58  Zergling x4  
  177  12:01  Zergling x6  
  154  12:11  Drone  
  154  12:12  Drone x3, Queen  
  160  12:19  Drone x3  
  160  12:20  Drone  
  160  12:21  Zerg Melee Weapons Level 2  
  164  12:23  Zerg Ground Armor Level 3  
  162  12:41  Zerg Missile Weapons Level 3  
  168  12:44  Ultralisk  
  168  12:51  Ultralisk  
  173  13:05  Viper x2, Spawning Pool  
  170  13:06  Ultralisk Cavern  
  170  13:08  Hatchery  
  174  13:21  Infestor x2  
  174  13:24  Overlord  
  177  13:54  Zergling x22  
  188  14:08  Overlord x2  
  186  14:11  Ultralisk x2  
  186  14:15  Spire, Spine Crawler  
  186  14:17  Spine Crawler  
  195  14:24  Queen  
  196  14:46  Spine Crawler  
  196  14:48  Spine Crawler x2  
  196  14:51  Spine Crawler  
  192  14:54  Chitinous Plating, Adrenal Glands  
  192  15:10  Overlord  
  192  15:11  Nydus Network  
  191  15:16  Infestor x3  
  191  15:17  Infestor  
  182  15:27  Drone x2  
  182  15:28  Drone, Infestor x2  
  184  15:29  Infestor  
  184  15:32  Drone  
  184  15:33  Drone x2  
  184  15:34  Drone  
  188  15:44  Ultralisk  
  188  15:47  Infestor  
  188  15:48  Infestor  
  187  16:07  Ultralisk  
  193  16:17  Viper x2  
  199  16:19  Overlord  
  199  16:20  Overseer x2  
  199  16:28  Hatchery  
  198  16:37  Overseer  
  196  16:58  Zergling x2  
  197  17:08  Overseer  
  197  17:14  Overseer  
  195  17:19  Hatchery  
  195  17:21  Spore Crawler  
  192  17:28  Zerg Melee Weapons Level 3  
  192  17:31  Infestor x2, Greater Spire  
  195  17:48  Ultralisk  
  198  17:56  Baneling Nest  
  195  18:16  Zergling x10  
  198  18:46  Spore Crawler  
  197  18:49  Zergling x6  
  197  19:03  Zergling x6  
  199  19:23  Zergling x2  
  199  19:25  Lair  
  195  19:49  Zergling x28  
  146  20:07  Zergling x2  
  146  20:08  Zergling x28  
  146  20:11  Zergling x6  
  146  20:12  Zergling x24  
  162  20:21  Zergling x12  
  144  20:27  Ultralisk x3  
  150  20:32  Ultralisk x2  
  160  20:38  Drone x3  
  160  20:41  Ultralisk  
  169  20:44  Infestor  
  169  20:45  Zergling x2  
  169  20:46  Baneling x11  
  169  20:48  Drone x2  
  174  20:54  Ultralisk  
  180  21:01  Zergling x2  
  180  21:02  Zergling x10  
  187  21:11  Spine Crawler  
  185  21:14  Spore Crawler  
  184  21:21  Drone x3  
  184  21:22  Drone x4  
  187  21:27  Overseer  
  187  21:40  Drone x3  
  187  21:44  Baneling  
  189  21:53  Zergling x4  
  180  22:16  Lair  
  180  22:18  Drone  
  171  22:51  Infestor x2  
  129  23:05  Zergling x2  
  105  23:15  Zergling x2  
Show
View Real Time Build Order
Export as new Build Order

DeMusliM Terran - Winner!

Build Orders: Liberator Opening, Reaper Expand, Bio Tank 

Get SALT Encoding   

  12  0:00  SCV  
  13  0:12  SCV  
  14  0:18  Supply Depot  
  14  0:25  SCV  
  15  0:39  SCV  
  15  0:40  Barracks  
  16  0:46  Refinery  
  16  0:51  SCV  
  17  1:03  SCV  
  18  1:16  SCV  
  19  1:28  Orbital Command  
  19  1:29  Reaper  
  20  1:43  Command Center  
  20  1:51  Supply Depot  
  20  1:56  SCV  
  20  2:01  Marine  
  22  2:08  SCV  
  23  2:14  Refinery  
  23  2:15  Factory  
  23  2:23  SCV  
  23  2:25  Barracks Reactor  
  24  2:35  SCV  
  25  2:47  SCV  
  26  2:56  Orbital Command  
  26  2:59  SCV  
  26  3:03  Starport  
  27  3:11  SCV  
  27  3:12  Hellion x2  
  32  3:23  SCV  
  32  3:25  SCV  
  34  3:27  Liberator  
  34  3:35  SCV  
  34  3:37  SCV  
  34  3:39  Command Center  
  34  3:40  Factory Tech Lab  
  36  3:47  SCV  
  40  3:50  SCV  
  40  3:53  Marine x2  
  43  3:59  SCV  
  43  4:02  Supply Depot, SCV  
  45  4:11  SCV  
  46  4:21  Supply Depot  
  46  4:23  Marine x2  
  46  4:24  SCV, Siege Tank  
  52  4:25  Liberator  
  52  4:26  Supply Depot  
  52  4:29  SCV  
  53  4:36  SCV  
  54  4:43  SCV  
  58  4:47  Refinery  
  58  4:48  Refinery, Engineering Bay  
  58  4:49  Supply Depot  
  58  4:51  SCV, Engineering Bay  
  59  4:58  Siege Tank  
  59  4:59  Marine  
  62  5:00  Marine  
  62  5:02  Orbital Command  
  62  5:04  SCV x2  
  66  5:16  SCV  
  66  5:17  SCV, Marine x2  
  66  5:19  Terran Infantry Weapons Level 1, Terran Infantry Armor Level 1  
  65  5:23  Bunker  
  65  5:29  SCV x2  
  65  5:32  Siege Tank  
  70  5:36  Barracks  
  70  5:37  SCV  
  70  5:38  Barracks  
  70  5:41  SCV  
  72  5:43  SCV  
  72  5:45  Starport Reactor  
  72  5:49  SCV  
  74  5:51  Barracks Tech Lab  
  74  5:52  Barracks  
  74  5:54  SCV  
  74  5:56  SCV, Orbital Command  
  76  5:58  Barracks  
  76  6:04  Siege Tank  
  80  6:06  SCV  
  80  6:08  SCV  
  81  6:18  SCV, Marine  
  82  6:20  SCV  
  82  6:21  Stimpack  
  82  6:22  Medivac x2  
  82  6:25  Supply Depot x2  
  88  6:28  SCV  
  88  6:30  SCV  
  88  6:32  SCV, Barracks Tech Lab  
  91  6:36  Bunker, Marine  
  92  6:40  SCV, Refinery  
  92  6:45  Supply Depot  
  92  6:46  SCV x2, Siege Tank  
  98  6:47  Marine x2  
  98  6:48  Barracks Reactor x2  
  98  6:52  SCV  
  101  6:55  Combat Shields  
  101  6:58  SCV  
  101  6:59  Bunker  
  101  7:00  Marauder, Marine  
  105  7:01  Bunker  
  105  7:05  Marine x2  
  105  7:07  Medivac  
  109  7:09  SCV x2  
  109  7:12  Refinery  
  111  7:18  Marauder  
  111  7:22  Marauder  
  115  7:23  Marine x2  
  115  7:28  Supply Depot  
  115  7:29  Supply Depot  
  117  7:30  Supply Depot x2  
  117  7:35  Armory  
  117  7:42  SCV  
  117  7:45  Marine  
  117  7:46  Marine  
  117  7:49  Marine x2  
  117  7:50  SCV x2, Marauder x2  
  120  7:55  Marine  
  120  7:56  Marine  
  114  8:03  Marine  
  114  8:04  Marine  
  109  8:06  Marine  
  109  8:07  Siege Tank, Marine  
  109  8:11  Marauder x2  
  118  8:13  Marine x2  
  118  8:15  Command Center  
  118  8:16  Barracks x2  
  120  8:21  Marine  
  113  8:27  Marine  
  113  8:33  Marine, Marauder x2  
  113  8:34  Marine x3  
  113  8:39  Siege Tank, Marine  
  113  8:40  Terran Infantry Weapons Level 2, Terran Infantry Armor Level 2  
  116  8:43  Medivac  
  116  8:45  Marine, Medivac  
  116  8:47  Concussive Shells  
  121  8:54  Marauder x2  
  125  8:55  Bunker  
  125  8:59  Marine  
  123  9:04  Marine x2  
  109  9:10  Marine x2  
  109  9:16  Marauder x2  
  107  9:18  Marine  
  107  9:19  Marine  
  107  9:21  Siege Tank, Medivac  
  107  9:22  Marine, Medivac  
  107  9:23  Marine  
  107  9:24  Barracks Tech Lab x2  
  115  9:29  Barracks  
  115  9:36  Marine x3  
  115  9:37  Marauder x2  
  122  9:43  Marauder, Marine x2  
  123  9:53  Siege Tank  
  123  9:56  SCV x2  
  123  9:57  Marauder, Marine x2  
  123  9:58  Marauder x2  
  136  10:01  Terran Vehicle Weapons Level 1  
  136  10:02  Ghost Academy  
  136  10:05  SCV  
  137  10:08  SCV x2  
  137  10:09  Marine x3  
  137  10:10  Refinery, Marauder  
  144  10:17  SCV  
  144  10:20  SCV  
  146  10:21  Marauder, Marine x3  
  146  10:22  Barracks Reactor, Marauder  
  146  10:24  Planetary Fortress  
  146  10:25  Siege Tank  
  156  10:31  Marine  
  156  10:32  Marauder  
  156  10:33  Medivac  
  161  10:41  Marauder, Marine  
  164  11:01  Supply Depot  
  164  11:02  Supply Depot, Marauder x2, Marine x2  
  164  11:03  Marauder  
  172  11:06  Command Center  
  172  11:20  Marine x3  
  172  11:21  Marauder, Marine x3  
  172  11:22  Marine  
  172  11:24  Marauder x3  
  177  11:28  Marine  
  178  11:38  Marine x2  
  178  11:39  Marine x2  
  178  11:42  Marauder  
  178  11:45  Marauder x2  
  180  11:52  Marine  
  180  11:53  Marauder  
  172  11:59  Marine  
  134  12:04  Marauder  
  134  12:05  Marine  
  134  12:07  Marine x2, Marauder x2  
  134  12:09  Marine  
  127  12:21  Marine  
  127  12:22  Marauder  
  130  12:29  Personal Cloaking  
  130  12:36  Marauder, Marine, Medivac  
  124  12:42  Ghost x2, Marine x3  
  130  12:45  SCV x3  
  130  12:51  Marauder, Marine  
  126  13:06  Marine  
  126  13:07  Marine, Marauder  
  126  13:08  Marine x2  
  126  13:09  Siege Tank  
  126  13:10  Ghost  
  126  13:11  Marauder  
  126  13:12  Ghost  
  139  13:16  Marine  
  139  13:17  Terran Infantry Weapons Level 3  
  133  13:22  SCV x4, Planetary Fortress  
  137  13:28  Marauder  
  137  13:30  Marine, Medivac  
  137  13:32  Marauder  
  144  13:35  Marine  
  144  13:39  Ghost, Marine x2  
  144  13:40  Marine x2  
  153  13:41  Marauder  
  149  13:48  Marine  
  149  13:49  Marine  
  149  13:50  Terran Infantry Armor Level 3, Marauder  
  149  13:54  Refinery x2  
  139  13:58  Marauder, Marine x2  
  139  14:02  Marine x2  
  145  14:03  Ghost  
  147  14:10  Ghost, Marine  
  147  14:11  Marine  
  147  14:12  Medivac x2  
  147  14:16  SCV  
  156  14:21  Command Center  
  156  14:23  Ghost  
  147  14:25  Marine  
  147  14:26  Marine  
  147  14:29  Marine  
  147  14:30  Marauder  
  154  14:35  Marine x2  
  156  14:42  Medivac  
  156  14:44  Missile Turret, Liberator  
  154  14:47  Ghost, Marine x4  
  154  14:48  Ghost  
  162  14:55  Liberator  
  162  14:58  Ghost x2  
  162  14:59  Marine x2  
  172  15:26  Liberator  
  172  15:28  Missile Turret  
  172  15:30  Command Center  
  172  15:31  Ghost x2  
  172  15:32  Marine x4  
  176  15:37  Liberator  
  175  15:44  Ghost x2  
  175  15:45  Marine x2  
  186  15:57  Refinery  
  186  15:58  Sensor Tower  
  186  15:59  Refinery  
  186  16:01  Marauder  
  183  16:09  Liberator  
  183  16:12  Marauder, Marine x3  
  183  16:13  Marauder, Marine  
  186  16:22  Ghost x2  
  186  16:23  Marine x2  
  192  16:28  Liberator  
  194  16:38  Nuke  
  194  16:43  Ghost Academy  
  194  16:45  Ghost Academy  
  192  16:52  Liberator  
  189  16:54  Planetary Fortress  
  189  17:07  Ghost x2  
  189  17:08  Command Center  
  196  17:21  Ghost x2  
  198  17:24  Nuke  
  198  17:32  Medivac  
  198  17:52  Refinery  
  198  17:54  Refinery  
  198  17:57  Medivac  
  195  18:08  Nuke x2  
  193  18:13  Ghost x2  
  197  18:37  Medivac  
  191  19:04  Ghost x2  
  191  19:06  Medivac  
  191  19:07  Orbital Command  
  187  19:23  Orbital Command  
  186  19:24  Ghost x2, Marine  
  186  19:25  Orbital Command  
  191  19:34  Marauder  
  175  20:03  Ghost  
  175  20:04  Ghost  
  175  20:05  Medivac x2  
  177  20:14  Orbital Command  
  153  20:18  Liberator x2  
  143  20:22  Marauder x2, Marine x2  
  143  20:25  Marine x2  
  143  20:27  Marine  
  148  20:31  Marine  
  148  20:33  Marauder x2  
  148  20:34  Planetary Fortress  
  153  20:38  Marine  
  153  20:41  Marine  
  161  20:44  Marauder x2  
  161  20:46  Nuke x2  
  165  20:51  Marine  
  165  20:52  Marine  
  165  20:53  Marine  
  165  20:54  Marauder x2, Marine x2  
  174  21:01  Liberator x2  
  174  21:05  Marauder x2  
  174  21:06  Marine  
  179  21:14  SCV x5  
  179  21:16  Marauder x2  
  188  21:21  Marine x2  
  192  21:26  SCV  
  193  21:44  Liberator x2  
  195  22:11  Marine  
  195  22:12  Marauder, Marine  
  200  22:23  Marauder  
  200  22:24  Ghost  
  166  23:02  Ghost x4  
  161  23:16  Marine  
  161  23:18  Marine  
  161  23:19  Marine  
Tags
 
Add a new tag
Caveats
  • Supply blocks, unpowered buildings, or Contaminate may cause inaccurate times.
  • Supply counts are checked every 10 seconds.